 Dungeon Crawl Stone Soup version 0.29-a0-25-g7f48f510a0 (webtiles) character file.

Game seed: 2126654769242615870

2042 Crownlay the Cleaver (level 9, -5/80 HPs)
             Began as a Hill Orc Fighter on Jan 31, 2022.
             Was a Follower of Qazlal.
             Killed from afar by a steam dragon (24 damage)
             ... with a ball of steam
             ... on level 6 of the Dungeon.
             The game lasted 00:10:03 (7090 turns).

Crownlay the Cleaver (Hill Orc Fighter)             Turns: 7090, Time: 00:10:04

Health: -5/80      AC:  9    Str: 23    XL:     9   Next: 24%
Magic:  11/12      EV:  9    Int:  8    God:    Qazlal [*.....]
Gold:   288        SH:  6    Dex: 10    Spells: 8/8 levels left

rFire   . . .      SeeInvis .   a - +0 war axe
rCold   . . .      Faith    +   c - +0 buckler
rNeg    . . .      Spirit   .   b - +0 scale mail
rPois   .          Reflect  .   (no helmet)
rElec   .          Harm     .   o - +0 cloak
rCorr   .          Rampage  .   (no gloves)
Will    .....                   k - +0 pair of boots
Stlth   ..........              z - amulet of faith
HPRegen 0.23/turn               (no ring)
MPRegen 0.13/turn               (no ring)

@: lethally poisoned (-5 -> -8)
A: no striking features
a: Renounce Religion


You were on level 6 of the Dungeon.
You worshipped Qazlal.
Qazlal was aware of your devotion.
You visited 1 branch of the dungeon, and saw 6 of its levels.
You also visited: Sewer and Ossuary.

You collected 288 gold pieces.

Inventory:

Hand Weapons
 a - a +0 war axe (weapon)
 v - a +2 flail of protection
Missiles
 u - 4 atropa-tipped darts (quivered)
 D - 3 poisoned darts
Armour
 b - a +0 scale mail (worn)
 c - a +0 buckler (worn)
 k - a +0 pair of boots (worn)
 o - a +0 cloak (worn)
Jewellery
 z - an amulet of faith (around neck)
Wands
 r - a wand of mindburst (15)
Scrolls
 e - 5 scrolls of teleportation
 m - 2 scrolls of enchant armour
 p - a scroll of fog {unknown}
 s - 2 scrolls of torment
 t - a scroll of immolation {unknown}
 x - 2 scrolls of summoning {unknown}
 y - a scroll of acquirement {unknown}
 A - 4 scrolls of magic mapping
Potions
 d - 3 potions of might
 f - a potion of mutation {unknown}
 g - a potion of cancellation {unknown}
 h - a potion of invisibility {unknown}
 i - 3 potions of curing {unknown}
 j - 2 potions of heal wounds {unknown}
 l - 2 potions of berserk rage
 n - 3 potions of haste {unknown}
 q - 3 potions of degeneration {unknown}
 w - 2 potions of experience {unknown}
 B - 2 potions of lignification {unknown}
 C - 2 potions of flight {unknown}
 E - a potion of brilliance


   Skills:
 + Level 7.6 Fighting
 * Level 10.8 Axes
 + Level 4.7 Throwing
 - Level 3.2 Armour
 - Level 4.0 Shields
 + Level 4.0 Invocations


You had 8 spell levels left.
You didn't know any spells.
Your spell library contained the following spells:

 Spells                   Type           Power      Damage    Failure   Level
 Summon Ice Beast         Ice/Summ       0%         N/A       100%        4
 Summon Mana Viper        Hex/Summ       0%         N/A       100%        5
 Monstrous Menagerie      Summ           0%         N/A       100%        7


Dungeon Overview and Level Annotations

Branches:
Dungeon (6/15)              Sewer (visited)         Ossuary (visited)
 Temple: D:4-7

Altars:
Hepliaklqana
Makhleb
Qazlal

Shops:
D:3 (   D:4 ([[


Message History

You barely miss the steam dragon.
The steam dragon is severely wounded.
You barely miss the scorpion. The scorpion stings you.
You are poisoned.
The scorpion poisons you!
You closely miss the steam dragon.
The steam dragon is severely wounded.
You hit the scorpion but do no damage.
You feel very sick. The steam dragon bites you!
The steam dragon claws you but does no damage.
The scorpion stings you but does no damage.
You completely miss the steam dragon.
The steam dragon is severely wounded.
You hit the scorpion.
You feel very sick. The steam dragon breathes steam at you.
The ball of steam hits you.
The scorpion stings you but does no damage.
You hit the steam dragon but do no damage.
The steam dragon is severely wounded.
You slash the scorpion!
You kill the scorpion!
Qazlal accepts your kill.
You feel sick. The steam dragon bites you!
The steam dragon claws you but does no damage.
Your Invocations skill increases to level 4!
You barely miss the steam dragon.
The steam dragon is severely wounded.
You feel sick. You block the steam dragon's attack. The steam dragon claws you.
You hit the steam dragon.
The steam dragon is almost dead.
You feel sick. The steam dragon bites you!
* * * LOW HITPOINT WARNING * * *
The steam dragon barely misses you.
You hit the steam dragon.
The steam dragon is almost dead.
The steam dragon breathes steam at you. The ball of steam hits you!!
You die...

..........####.##
.#######..# ### #
##..# . #...#
#.##.#.# #.#....#
####...§..##
...>.......#
.###..☼@...#
.......D......?
#.......#..####
..##..#.#.## ##
#..#.#.# #.......
#..#.# # .. .).


You could see a steam dragon (catching breath).

Vanquished Creatures
  Grinder (D:3)
  Sigmund (D:3)
  A black bear (D:4)
  A sky beast (D:5)
  12 scorpions
  A water moccasin zombie (D:5)
  A jelly (D:5)
  2 human zombies (Ossuary)
  2 orc priests (D:3)
  3 iguanas (D:4)
  3 iron imps (D:3)
  Jessica (D:3)
  An orc wizard (D:4)
  3 scorpion zombies (Ossuary)
  A hound skeleton (D:4)
  3 mummies (Ossuary)
  3 gnolls (D:5)
  7 adders
  4 river rats (Sewer)
  An adder zombie (D:5)
  2 worms
  A dart slug (D:2)
  8 orcs
  8 ball pythons
  9 endoplasms
  2 giant cockroaches
  3 gnoll zombies (Ossuary)
  9 hobgoblins
  4 quokkas
  5 bats
  14 frilled lizards
  9 goblins
  4 goblin zombies
  3 hobgoblin zombies (Ossuary)
  9 kobolds
  3 kobold zombies (Ossuary)
  An orc zombie (Ossuary)
  A quokka skeleton (D:4)
  A quokka zombie (D:5)
  14 rats
162 creatures vanquished.

Vanquished Creatures (others)
  4 plants (D:4)
4 creatures vanquished.

Grand Total: 166 creatures vanquished

Notes
Turn   | Place    | Note
-------+----------+-------------------------------------------
     0 | D:1      | Crownlay the Hill Orc Fighter began the quest for the Orb.
     0 | D:1      | Reached XP level 1. HP: 19/19 MP: 1/1
   122 | D:1      | Reached skill level 3 in Axes
   250 | D:1      | Reached XP level 2. HP: 27/27 MP: 2/2
  1203 | D:2      | Reached XP level 3. HP: 33/33 MP: 3/3
  1324 | D:2      | Reached skill level 4 in Axes
  2085 | D:3      | Found a faded altar of an unknown god.
  2108 | D:3      | Found Bafa Bew's Weapon Shop.
  2145 | D:3      | Reached XP level 4. HP: 39/40 MP: 4/4
  2176 | D:3      | Noticed Grinder
  2177 | D:3      | Paralysed by Grinder for 2 turns
  2201 | D:3      | Paralysed by Grinder for 6 turns
  2207 | D:3      | Killed Grinder
  2208 | D:3      | Reached skill level 5 in Fighting
  2208 | D:3      | Reached skill level 6 in Axes
  2208 | D:3      | Reached skill level 1 in Throwing
  2208 | D:3      | Reached XP level 5. HP: 27/48 MP: 5/5
  2208 | D:3      | Reached XP level 6. HP: 31/56 MP: 6/6
  2213 | D:3      | Found a glowing drain.
  2228 | Sewer    | Entered a sewer
  3356 | D:3      | Found a burning altar of Makhleb.
  3379 | D:3      | Reached skill level 7 in Axes
  3379 | D:3      | Reached XP level 7. HP: 61/61 MP: 7/7
  3445 | D:3      | Noticed Sigmund
  3477 | D:3      | Killed Sigmund
  3872 | D:3      | Noticed Jessica
  3879 | D:3      | Killed Jessica
  3880 | D:3      | Reached skill level 8 in Axes
  4074 | D:4      | Found Dirphepn's Weapon Boutique.
  4100 | D:4      | Found Ganaejor's Armour Emporium.
  4245 | D:4      | Reached XP level 8. HP: 68/70 MP: 8/8
  4396 | D:4      | Found Poustronk's Armour Shop.
  4613 | D:4      | Found a hazy altar of Hepliaklqana.
  4947 | D:4      | Found a stormy altar of Qazlal.
  4985 | D:4      | Became a worshipper of Qazlal Stormbringer
  4994 | D:5      | Entered Level 5 of the Dungeon
  5039 | D:5      | Found a sand-covered staircase.
  5055 | Ossuary  | Entered an ossuary
  5072 | Ossuary  | Reached skill level 9 in Axes
  5178 | Ossuary  | Reached skill level 1 in Invocations
  5485 | Ossuary  | Reached * piety under Qazlal
  5600 | Ossuary  | Reached skill level 10 in Axes
  5613 | Ossuary  | Reached XP level 9. HP: 22/79 MP: 11/11
  7090 | D:6      | Killed from afar by a steam dragon

Illustrated notes

Levels and vault maps discovered:
D:1:      dpeg_arrival_more_subterranean_lakeside_camping, layout_basic,
          grunt_decor_mini_mirrors
D:2:      layout_loops_ring, minmay_misc_feat_ornament, minivault_27,
          minmay_diced_spiral
D:3:      layout_rooms, demons_altar, serial_shops, nicolae_shop_hallway_plus,
          cheibrodos_sewer_entry_sluice, nicolae_ecumenical_lake_church,
          minmay_misc_feat_rugged, uniq_grinder, uniq_sigmund, uniq_jessica
D:4:      layout_cave_pools, mainiacjoe_overflow_six_doors_small,
          mainiacjoe_overflow_alcove_2, serial_shops,
          nicolae_shop_hallway_stairs, nicolae_shop_competitors_out_of_business,
          shop, minmay_stone_trees_small, serial_bayou_pond_b,
          nicolae_figureground_pulse
D:5:      layout_layer_cave, enter_ossuary_4, hangedman_glass_teeth
D:6:      layout_loops_ring, mainiacjoe_overflow_divided_tiny, minmay_hedge_maze

Skill      XL: |  1  2  3  4  5  6  7  8  9 |
---------------+----------------------------+-----
Axes           | 3 4 6 7 8 10 | 10.8
Fighting       | 4 5 6 7 |  7.6
Throwing       | 1 2 3 4 |  4.7
Shields        | 4 |  4.0
Invocations    | 3 4 |  4.0
Armour         | |  3.2

Action                   |  1- 3 |  4- 6 |  7- 9 || total
-------------------------+-------+-------+-------++-------
Melee: War axe           |    92 |   142 |   221 ||   455
Throw: Boomerang         |    33 |    31 |     6 ||    70
       Dart              |       |       |     1 ||     1
  Use: Scroll            |     4 |       |     2 ||     6
       Potion            |       |       |     2 ||     2
 Stab: Invisible         |       |       |     1 ||     1
Armor: Scale mail        |    48 |    68 |   107 ||   223
Dodge: Dodged            |    35 |    73 |    84 ||   192
Block: Buckler           |    14 |    35 |    40 ||    89

Table legend: (Time is in decaauts)
 A = Elapsed time spent in this place.
 B = Non-inter-level travel time spent in this place.
 C = Inter-level travel time spent in this place.
 D = Time resting spent in this place.
 E = Time spent auto-exploring this place.
 F = Levels seen in this place.
 G = Mean time per level.
                   A        B        C        D        E       F      G
               +--------+--------+--------+--------+--------+-----+--------+
         Total |   7276 |   7063 |    213 |      0 |   5738 |   8 |  909.5 |
       Dungeon |   5193 |   4980 |    213 |      0 |   4048 |   6 |  865.5 |
         Sewer |    975 |    975 |      0 |      0 |    751 |   1 |  975.0 |
       Ossuary |   1108 |   1108 |      0 |      0 |    938 |   1 | 1108.0 |
               +--------+--------+--------+--------+--------+-----+--------+

Top non-repeatable levels by time:
     D:1: 1170 daAuts
     D:3: 1141 daAuts
 Ossuary: 1108 daAuts
   Sewer: 975 daAuts
     D:5: 960 daAuts
     D:2: 944 daAuts
     D:4: 931 daAuts
     D:6: 44 daAuts
